 Dungeon Crawl Stone Soup version 0.27-a0-334-g52645efa06 (webtiles) character file.

Game seed: 18133203090886688737

344720 gimp the Bludgeoner (level 22, 0/172 (173) HPs)
             Began as a Gnoll Brigand on Feb 13, 2021.
             Was the Champion of Kikubaaqudgha.
             Slain by a spectral anaconda (1 damage)
             ... called from beyond by a ghost crab
             ... in a wizard's laboratory.
             The game lasted 02:19:30 (56439 turns).

gimp the Bludgeoner (Gnoll Brigand)                Turns: 56439, Time: 02:19:30

HP:   0/172 (173)   AC: 20    Str: 17    XL:     22   Next: 8%
MP:   33/36         EV: 20    Int: 17    God:    Kikubaaqudgha [******]
Gold: 555           SH: 14    Dex: 20    Spells: 6/49 levels left

rFire    + + .     SeeInvis .   b - +9 eveningstar (freeze)
rCold    + + .     Faith    .   v - +0 kite shield {reflect}
rNeg     + . .     Spirit   .   r - +0 swamp dragon scales
rPois    +         Reflect  +   C - +2 helmet {Int+3}
rElec    .         Harm     .   d - scarf {rC+ rF+}
rCorr    .         Rampage  .   m - +2 pair of gloves
Will     +....                  f - +0 pair of boots
Stlth    ++++++....             h - amulet of regeneration
HPRegen  0.78/turn              o - ring "Nacod" {Wiz rC+ rN+ Dex+6}
MPRegen  0.25/turn              V - ring of protection from fire

@: very slightly contaminated, slowed, constricted, studying Maces & Flails,
lightly drained, very slow
A: distributed training, fangs 1, low mp 1, strong nose
}: 2/15 runes: decaying, gossamer
a: Renounce Religion, Receive Corpses, Torment, Brand Weapon With Pain, Receive
Necronomicon


You were in a wizard's laboratory.
You worshipped Kikubaaqudgha.
Kikubaaqudgha was exalted by your worship.
You visited 8 branches of the dungeon, and saw 39 of its levels.
You visited 1 bazaar.
You also visited: Bailey, Ice Cave and Wizlab.

You collected 3700 gold pieces.
You spent 3145 gold pieces at shops.

Inventory:

Hand Weapons
 a - the +9 flail of the Thieving Hero {flame, rC+ SInv Stlth+}
   (You bought it in a shop on level 2 of the Orcish Mines)

   It has been specially enchanted to burn those struck by it, causing extra
   injury to most foes and up to half again as much damage against particularly
   susceptible opponents.
   It protects you from cold.
   It lets you see invisible.
   It makes you more stealthy.
 b - a +9 eveningstar of freezing (weapon)
Missiles
 x - a throwing net
 A - 27 javelins
 N - 24 curare-tipped darts
Armour
 d - a scarf of resistance (worn)
 f - a +0 pair of boots (worn)
 m - a +2 pair of gloves (worn)
 r - +0 swamp dragon scales (worn)
 v - a +0 kite shield of reflection (worn)
 C - a +2 helmet of intelligence (worn)
Jewellery
 h - an amulet of regeneration (around neck)
 o - the ring "Nacod" (left hand) {Wiz rC+ rN+ Dex+6}
   (You bought it in a shop in a bazaar)

   [ring of wizardry]

   It improves your spell success rate.
   It affects your dexterity (+6).
   It protects you from cold.
   It protects you from negative energy.
 D - a ring of willpower
 I - a ring of flight
 L - a +4 ring of slaying
 V - a ring of protection from fire (right hand)
 Y - a ring of poison resistance
Wands
 E - a wand of digging (22)
 J - a wand of flame (77)
 R - a wand of acid (27)
 S - a wand of charming (10)
 X - a wand of iceblast (16)
Scrolls
 g - 8 scrolls of immolation
 j - 30 scrolls of teleportation
 p - 12 scrolls of enchant armour
 q - 7 scrolls of amnesia
 w - 7 scrolls of blinking
 y - a scroll of summoning
 B - 9 scrolls of fear
 G - 3 scrolls of magic mapping
 M - 3 scrolls of silence
 P - 3 scrolls of fog
 Q - 9 scrolls of identify
 Z - 4 scrolls of holy word
Potions
 e - 5 potions of mutation
 k - 6 potions of ambrosia
 l - 5 potions of might
 n - 4 potions of haste
 s - 5 potions of brilliance
 t - 10 potions of curing
 u - a potion of resistance
 z - 3 potions of heal wounds
 K - a potion of invisibility
 T - 3 potions of flight
 U - a potion of cancellation
Miscellaneous
 c - a phantom mirror
 i - a phial of floods
 F - a lightning rod (4/4)
 H - a tin of tremorstones (2/2)
 W - a condenser vane


   Skills:
 + Level 14.7 Fighting
 + Level 14.7 Short Blades
 + Level 14.2 Long Blades
 + Level 14.2 Axes
 + Level 16.7 Maces & Flails
 + Level 14.2 Polearms
 + Level 14.2 Staves
 + Level 14.2 Slings
 + Level 14.2 Bows
 + Level 14.2 Crossbows
 + Level 14.7 Throwing
 + Level 14.2 Armour
 + Level 14.4 Dodging
 + Level 15.7 Stealth
 + Level 14.2 Shields
 + Level 14.2 Unarmed Combat
 + Level 14.2 Spellcasting
 + Level 12.2 Conjurations
 + Level 12.2 Hexes
 + Level 12.2 Summonings
 + Level 12.2 Necromancy
 + Level 12.2 Translocations
 + Level 12.2 Transmutations
 + Level 12.2 Fire Magic
 + Level 12.2 Ice Magic
 + Level 12.2 Air Magic
 + Level 12.2 Earth Magic
 + Level 12.2 Poison Magic
 + Level 15.2 Invocations
 + Level 14.2 Evocations


You had 6 spell levels left.
You knew the following spells:

 Your Spells              Type           Power        Failure   Level
a - Stone Arrow           Conj/Erth      100%         1%          3
b - Fireball              Conj/Fire      26%          1%          5
c - Bolt of Magma         Conj/Fire/Erth 26%          1%          5
d - Summon Ice Beast      Ice/Summ       52%          1%          4
e - Summon Lightning Spi  Summ/Air       52%          1%          4
f - Borgnjor's Vile Clut  Necr/Erth      26%          1%          5
g - Irradiate             Conj/Tmut      26%          1%          5
h - Blink                 Tloc           N/A          1%          2
i - Lee's Rapid Deconstr  Erth           26%          1%          5
j - Silence               Hex/Air        26%          1%          5

Your spell library contained the following spells:

 Spells                   Type           Power        Failure   Level
 Animate Skeleton         Necr           100%         1%          1
 Apportation              Tloc           100%         1%          1
 Beastly Appendage        Tmut           100%         1%          1
 Corona                   Hex            57%          1%          1
 Foxfire                  Conj/Fire      100%         1%          1
 Freeze                   Ice            100%         1%          1
 Magic Dart               Conj           100%         1%          1
 Pain                     Necr           100%         1%          1
 Sandblast                Erth           100%         1%          1
 Summon Small Mammal      Summ           100%         1%          1
 Call Imp                 Summ           52%          1%          2
 Corpse Rot               Necr/Air       N/A          1%          2
 Ensorcelled Hibernation  Hex/Ice        100%         1%          2
 Passwall                 Tmut/Erth      43%          1%          2
 Slow                     Hex            52%          1%          2
 Sublimation of Blood     Necr           26%          1%          2
 Wereblood                Tmut           52%          1%          2
 Call Canine Familiar     Summ           52%          1%          3
 Confusing Touch          Hex            52%          1%          3
 Conjure Flame            Conj/Fire      52%          1%          3
 Dazzling Flash           Conj/Hex       100%         1%          3
 Frozen Ramparts          Ice            100%         1%          3
 Ignite Poison            Fire/Tmut/Pois 52%          1%          3
 Inner Flame              Hex/Fire       52%          1%          3
 Mephitic Cloud           Conj/Pois/Air  52%          1%          3
 Ozocubu's Armour         Ice            52%          1%          3
 Portal Projectile        Hex/Tloc       100%         1%          3
 Spider Form              Tmut/Pois      26%          1%          3
 Summon Guardian Golem    Hex/Summ       52%          1%          3
 Tukima's Dance           Hex            52%          1%          3
 Vampiric Draining        Necr           26%          1%          3
 Animate Armour           Summ/Erth      100%         1%          4
 Animate Dead             Necr           26%          1%          4
 Cause Fear               Hex            26%          1%          4
 Dispel Undead            Necr           52%          1%          4
 Hailstorm                Conj/Ice       52%          1%          4
 Ice Form                 Ice/Tmut       52%          1%          4
 Leda's Liquefaction      Hex/Erth       26%          1%          4
 Petrify                  Tmut/Erth      52%          1%          4
 Sticky Flame             Conj/Fire      52%          1%          4
 Agony                    Necr           52%          1%          5
 Blade Hands              Tmut           26%          1%          5
 Excruciating Wounds      Necr           26%          1%          5
 Iskenderun's Battlesphe  Conj           52%          1%          5
 Yara's Violent Unravell  Hex/Tmut       26%          1%          5
 Hydra Form               Tmut           26%          4%          6
 Iron Shot                Conj/Erth      26%          4%          6
 Statue Form              Tmut/Erth      34%          4%          6
 Dragon Form              Tmut           26%          21%         7
 Orb of Destruction       Conj           26%          21%         7
 Spellforged Servitor     Conj/Summ      26%          21%         7
 Discord                  Hex            26%          82%         8
 Shatter                  Erth           26%          100%        9


Dungeon Overview and Level Annotations

Branches:
Dungeon (15/15)            Temple (1/1) D:5            Lair (6/6) D:9
  Swamp (4/4) Lair:3       Spider (4/4) Lair:4        Slime (0/5) Lair:6
    Orc (2/2) D:9             Elf (3/3) Orc:2        Vaults (4/5) D:14
  Crypt (0/3) Vaults:3     Depths (0/5) D:15         Bailey (visited)
  IceCv (visited)          WizLab (1/1)

Altars:
Ashenzari
Cheibriados
Dithmenos
Elyvilon
Fedhas
Gozag
Hepliaklqana
Kikubaaqudgha
Makhleb
Nemelex Xobeh
Okawaru
Qazlal
Ru
Sif Muna
Trog
Uskayaw
Vehumet
Wu Jian
Xom
Yredelemnul
Zin
The Shining One
Beogh

Shops:
D:6 =   D:10 :   Orc:1 (=!(   Orc:2 !([(   Elf:1 *   Elf:2 :   Vaults:1 [
Vaults:4 [

Portals:
Trove: Elf:1 (give +3 shadow dragon scales)

Annotations:
D:5 1 runed translucent door, Zonian's ghost, novice DsHu
D:14 3 runed translucent doors, Jeirobb's ghost, journeyman FoAK
D:15 Roxanne
Lair:4 3 runed translucent doors, Zaegoraum's ghost, journeyman DsAK
Lair:6 3 runed translucent doors, exclusion: 3 oklob plants, Totodit's ghost, journeyman GrEE; Ynietresch's ghost, journeyman MiBe


Innate Abilities, Weirdness & Mutations

Your experience applies equally to all skills.
You have very sharp teeth.
Your uncanny sense of smell can sniff out nearby items.
Your magical capacity is low. (-10% MP)


Message History

The bolt of lightning hits the air elemental.
The air elemental completely resists.
The bolt of lightning misses you.
You regained 8 hp, and now have 57/173 hp.
A spriggan air mage comes into view.
The air elemental hits you. The air elemental misses you.
You block the air elemental's attack.
The spriggan air mage waves its arms in wide circles.
The air twists around and strikes you!
* * * LOW HITPOINT WARNING * * *
The spriggan air mage moves out of view.
You take 14 damage, and have 43/173 hp.
Blink to where?
Press: ? - help, Dir - move target
As you read the scroll of blinking, it crumbles to dust.
The winds around the air elemental calm down.
A vortex of raging winds appears around the air elemental!
The spark wasp bursts into living lightning!
The living lightning hits the blizzard demon.
The blizzard demon completely resists.
The living lightning hits the shock serpent.
The shock serpent completely resists.
The living lightning misses you.
The spark wasp blinks! x3; The shock serpent closely misses you.
You block the spectral anaconda's attack.
The spectral anaconda completely misses you.
The spark wasp misses you.
The shock serpent shoots out a bolt of lightning at you!
The bolt of electricity hits you!
* * * LOW HITPOINT WARNING * * *
The bolt of electricity hits you.
* * * LOW HITPOINT WARNING * * *
The bolt of electricity hits the shock serpent.
The shock serpent completely resists.
The spark wasp stings you!
* * * LOW HITPOINT WARNING * * *
The spark wasp shocks you!
* * * LOW HITPOINT WARNING * * *
The spectral anaconda grabs you. The spectral anaconda bites you.
* * * LOW HITPOINT WARNING * * *
You partially resist.
You feel drained.
You die...
Kikubaaqudgha rasps: "You have failed me!
Welcome... death!"

≈≈≈≈≈###§§...##≈≈≈≈###E.
≈≈≈≈##.§.§§§§.##≈###§S§
≈≈≈##.....§....###§§.§§ §#
≈≈≈#...§§...2.###E§.§.§##
≈≈##..§§§.##E#####§t☼§§§#≈
≈≈#..§..§##.†.###S.§y.§###
≈##.§..§##....i###°§§§§.#
≈#§.§§..#...ySZy#t☼..§.###
#§§§...+.∩.∩.@.Z#Z.°§§§.#
# .§.§##.......#i§§§§§#§
...##.....##...§§##
.y§§##...##...§#### ..§
##+## .§.## §...## ∆∆
i§### ∆∆ §#≈#


You could see a blizzard demon, 2 spark wasps, a ghost crab (wandering), a shock
serpent, 2 spriggan air magi, a spectral anaconda (summoned), a spectral raiju
(summoned, wandering), a spectral black sun (summoned) and an air elemental.

Vanquished Creatures
  Mennas (Vaults:4)
  Boris (Vaults:4)
  the Lernaean hydra (Swamp:4)
  Saint Roka (Vaults:1)
  Nikola (Vaults:1)
  Arachne (Spider:2)
  Jorgrun (Swamp:3)
  3 liches
  A deep elf blademaster (Elf:2)
  Asterion (Spider:2)
  Frances (Elf:1)
  Agnes (Elf:1)
  Donald (Spider:2)
  2 fenstrider witches
  A frost giant (D:15)
  8 vault wardens
  An orc warlord (Orc:2)
  3 ghost moths (Spider:4)
  2 emperor scorpions
  A ghoul (Vaults:3)
  6 ironheart preservers
  A stone giant (Vaults:3)
  An entropy weaver (Vaults:4)
  2 bunyips (Swamp:3)
  2 spark wasps (Spider:4)
  A deep elf demonologist (Elf:2)
  An eidolon (Vaults:3)
  4 ettins
  2 eleionomae (Swamp:2)
  3 deep elf death magi
  A crystal guardian (Vaults:4)
  A deep elf high priest (Elf:2)
  A great orb of eyes (Vaults:4)
  A shambling mangrove (Swamp:3)
  8 vault guards
  6 yaktaur captains
  2 fire dragons
  A rakshasa (Vaults:3)
  3 ice dragons
  19 hydras
  4 ogre magi
  10 boulder beetles
  A catoblepas (Lair:6)
  5 ghost crabs
  3 deep troll shamans
  10 centaur warriors
  19 two-headed ogres
  33 dancing weapons
  11 alligators
  2 death knights
  4 orc high priests (Orc:2)
  3 death yaks (Lair:6)
  17 deep elf knights
  A skeletal warrior (Vaults:2)
  3 spriggan druids
  3 goliath frogs (Swamp:4)
  3 unseen horrors
  A shadow wraith (Vaults:4)
  6 deep trolls
  A death drake (WizLab)
  10 swamp dragons
  A flayed ghost (Vaults:2)
  11 ironbrand convokers
  A bog body (Swamp:1)
  5 deep elf archers
  A lindwurm (shapeshifter) (Vaults:1)
  6 wizards
  13 orc knights
  A phantasmal warrior (Vaults:3)
  A lindwurm (Lair:6)
  3 necromancers
  27 deep elf pyromancers
  16 orb spiders
  23 deep elf zephyrmancers
  29 wolf spiders
  6 will-o-the-wisps
  23 ugly things
  5 harpies (Vaults:4)
  5 cyclopes
  A wolf spider zombie (D:13)
  2 moths of wrath
  4 orc sorcerers
  A manticore (D:12)
  8 vault sentinels
  5 elephants (Lair:6)
  5 black mambas
  4 ice statues (IceCv)
  3 centaur zombies
  4 torpor snails
  2 centaur skeletons
  17 cane toads
  A rime drake (shapeshifter) (Vaults:3)
  A kobold demonologist (D:13)
  A yaktaur (shapeshifter) (Vaults:1)
  An efreet (D:13)
  3 rime drakes
  11 komodo dragons
  13 demonic crawlers
  13 yaktaurs
  5 ice devils (IceCv)
  A tengu conjurer (D:14)
  An entropy weaver simulacrum (Vaults:3)
  3 meliai (Spider:1)
  A merfolk (shapeshifter) (Vaults:2)
  A guardian mummy (Elf:1)
  A wind drake (WizLab)
  7 polar bears
  A troll (shapeshifter) (Vaults:1)
  19 hornets
  8 trolls
  24 jumping spiders
  A queen bee (Spider:1)
  3 tyrant leeches
  A bloated husk (Swamp:4)
  19 slime creatures
  11 blink frogs
  16 dream sheep
  60 redbacks
  Sigmund (D:3)
  A water elemental (Elf:2)
  2 spriggans (shapeshifter)
  A vampire (D:13)
  11 spriggans
  2 air elementals
  2 shadows
  A yak (shapeshifter) (Vaults:2)
  41 tarantellas
  4 wraiths
  An orc simulacrum (Vaults:1)
  42 yaks
  2 fire elementals
  6 basilisks
  2 wyverns
  Grum (D:10)
  A steam dragon (Lair:3)
  2 vampire mosquitoes (D:14)
  6 wargs
  12 swamp worms
  3 acid dragons
  71 orc warriors
  25 water moccasins
  8 swamp drakes
  2 black bears (Lair:2)
  A necrophage (D:7)
  10 ice beasts
  2 sky beasts
  A black bear (shapeshifter) (Vaults:4)
  25 ogres
  24 wolves
  5 boggarts (Vaults:1)
  20 centaurs
  4 kobold brigands
  5 phantoms
  17 bullfrogs
  2 wyvern zombies
  A scorpion (D:4)
  A water moccasin skeleton (D:8)
  15 killer bees
  6 howler monkeys
  21 wights
  An electric eel (Spider:2)
  3 bullfrog zombies
  3 jellies
  8 hounds
  7 bullfrog skeletons
  42 orc priests
  31 orc wizards
  Natasha (thrice) (D:3)
  6 hell rats (Lair:2)
  6 worker ants
  2 spriggan simulacra (IceCv)
  2 troll simulacra (IceCv)
  2 centaur simulacra (IceCv)
  2 hound zombies
  2 hound skeletons
  Robin (D:2)
  A naga simulacrum (IceCv)
  3 ogre simulacra (IceCv)
  6 adders
  5 shadow imps (D:5)
  2 white imps
  An ufetubus (D:5)
  An adder skeleton (D:6)
  2 adder zombies
  2 worms (D:3)
  A dart slug (D:2)
  2 leopard geckos
  154 orcs
  3 giant cockroaches
  19 goblins
  5 hobgoblins
  8 jackals
  16 kobolds
  7 quokkas
  6 bats
  3 frilled lizards
  A quokka skeleton (D:7)
  5 rats
1493 creatures vanquished.

Vanquished Creatures (collateral kills)
  Aizul (Vaults:4)
  Louise (Swamp:2)
  A hydra (Lair:5)
  A death yak (Lair:4)
  A yaktaur (D:15)
  An ice devil (IceCv)
  3 blink frogs (Lair:5)
  A wyvern (Lair:4)
10 creatures vanquished.

Vanquished Creatures (others)
  A bunyip (Swamp:4)
  A hydra (Swamp:4)
  2 alligators (Swamp:4)
  A death drake (WizLab)
  A deep elf zephyrmancer (Elf:3)
  A jumping spider (Spider:1)
  A wind drake (shapeshifter) (Vaults:2)
  A spriggan (Swamp:4)
  2 redbacks
  An ice beast (D:14)
  A wight (D:14)
  An orc wizard (D:6)
  24 foxfires
  31 fungi
  69 plants
  4 withered plants (Lair:6)
142 creatures vanquished.

Grand Total: 1645 creatures vanquished

Notes
Turn   | Place    | Note
-------+----------+-------------------------------------------
     0 | D:1      | gimp the Gnoll Brigand began the quest for the Orb.
     0 | D:1      | Reached XP level 1. HP: 20/20 MP: 1/1
   330 | D:1      | Reached XP level 2. HP: 24/26 MP: 2/2
  1189 | D:2      | Reached XP level 3. HP: 31/31 MP: 3/3
  1291 | D:2      | Noticed Robin
  1408 | D:2      | Killed Robin
  1409 | D:2      | Reached skill level 1 in Invocations
  1465 | D:2      | Reached skill level 1 in Long Blades
  1465 | D:2      | Reached skill level 1 in Axes
  1465 | D:2      | Reached skill level 1 in Maces & Flails
  1465 | D:2      | Reached skill level 1 in Polearms
  1465 | D:2      | Reached skill level 1 in Staves
  1465 | D:2      | Reached skill level 1 in Slings
  1465 | D:2      | Reached skill level 1 in Bows
  1465 | D:2      | Reached skill level 1 in Crossbows
  1465 | D:2      | Reached skill level 1 in Armour
  1465 | D:2      | Reached skill level 1 in Shields
  1465 | D:2      | Reached skill level 1 in Unarmed Combat
  1465 | D:2      | Reached skill level 1 in Spellcasting
  1465 | D:2      | Reached skill level 1 in Evocations
  1905 | D:2      | Reached XP level 4. HP: 38/38 MP: 5/5
  2165 | D:3      | Noticed Sigmund
  2187 | D:3      | Killed Sigmund
  2188 | D:3      | Reached skill level 1 in Conjurations
  2188 | D:3      | Reached skill level 1 in Hexes
  2188 | D:3      | Reached skill level 1 in Summonings
  2188 | D:3      | Reached skill level 1 in Necromancy
  2188 | D:3      | Reached skill level 1 in Translocations
  2188 | D:3      | Reached skill level 1 in Transmutations
  2188 | D:3      | Reached skill level 1 in Fire Magic
  2188 | D:3      | Reached skill level 1 in Ice Magic
  2188 | D:3      | Reached skill level 1 in Air Magic
  2188 | D:3      | Reached skill level 1 in Earth Magic
  2188 | D:3      | Reached skill level 1 in Poison Magic
  2188 | D:3      | Reached XP level 5. HP: 43/43 MP: 5/7
  2188 | D:3      | Reached XP level 6. HP: 50/50 MP: 5/8
  2475 | D:3      | Noticed Natasha
  2490 | D:3      | Killed Natasha
  2548 | D:3      | Noticed Natasha
  2560 | D:3      | Killed Natasha
  2594 | D:3      | Reached skill level 5 in Fighting
  2594 | D:3      | Reached skill level 5 in Short Blades
  2594 | D:3      | Reached skill level 5 in Throwing
  2674 | D:3      | Reached skill level 2 in Maces & Flails
  2883 | D:3      | Noticed Natasha
  2890 | D:3      | Killed Natasha
  2972 | D:4      | Reached XP level 7. HP: 44/56 MP: 10/10
  3249 | D:4      | You fall into a shaft and drop 1 floor!
  3249 | D:5      | Entered Level 5 of the Dungeon
  3526 | D:5      | Reached XP level 8. HP: 46/63 MP: 12/12
  3743 | D:5      | Reached skill level 3 in Maces & Flails
  4057 | D:5      | Found a runed translucent door.
  4057 | D:5      | Noticed Zonian's ghost (novice DsHu)
  4423 | D:5      | Found a staircase to the Ecumenical Temple.
  4631 | Temple   | Entered the Ecumenical Temple
  4705 | Temple   | Became a worshipper of Kikubaaqudgha
  4916 | D:6      | Found a sacrificial altar of Ru.
  5458 | D:6      | Found Heydyira's Jewellery Shop.
  6198 | D:7      | Found an iron altar of Okawaru.
  6212 | D:7      | Reached XP level 9. HP: 59/68 MP: 14/14
  6288 | D:7      | Found a flagged portal.
  6297 | Bailey   | Entered a bailey
  6349 | Bailey   | Reached * piety under Kikubaaqudgha
  6349 | Bailey   | Identified Kikubaaqudgha's Incunabulum of Darkness
                  | (Kikubaaqudgha gifted it to you in a bailey)
  6349 | Bailey   | Received a gift from Kikubaaqudgha
  6355 | Bailey   | Learned a level 1 spell: Pain
  6359 | Bailey   | Learned a level 3 spell: Vampiric Draining
  6400 | Bailey   | Reached skill level 4 in Maces & Flails
  6791 | Bailey   | Reached skill level 5 in Dodging
  7206 | Bailey   | HP: 1/71 [centaur/javelin (15)]
  7468 | Bailey   | Reached skill level 5 in Invocations
  8054 | Bailey   | Reached XP level 10. HP: 58/77 MP: 5/17
  8149 | Bailey   | Identified the Almanac of Sinister Ignition
  8157 | Bailey   | Learned a level 5 spell: Bolt of Magma
  8353 | Bailey   | Gained mutation: Your magical capacity is low. (-10% MP)
                  | [mutagenic glow]
  9126 | D:7      | Reached skill level 5 in Long Blades
  9126 | D:7      | Reached skill level 5 in Axes
  9126 | D:7      | Reached skill level 5 in Maces & Flails
  9126 | D:7      | Reached skill level 5 in Polearms
  9126 | D:7      | Reached skill level 5 in Staves
  9126 | D:7      | Reached skill level 5 in Slings
  9126 | D:7      | Reached skill level 5 in Bows
  9126 | D:7      | Reached skill level 5 in Crossbows
  9126 | D:7      | Reached skill level 5 in Armour
  9126 | D:7      | Reached skill level 5 in Shields
  9126 | D:7      | Reached skill level 5 in Unarmed Combat
  9126 | D:7      | Reached skill level 5 in Spellcasting
  9126 | D:7      | Reached skill level 5 in Evocations
  9523 | D:8      | Noticed a two-headed ogre
  9556 | D:8      | Killed a two-headed ogre
 10334 | D:9      | Found a staircase to the Orcish Mines.
 10359 | D:9      | Reached ** piety under Kikubaaqudgha
 10636 | D:9      | Noticed a wizard
 10642 | D:9      | Killed a wizard
 11024 | D:9      | Found a staircase to the Lair.
 11142 | D:10     | Entered Level 10 of the Dungeon
 11241 | D:10     | Noticed Grum
 11265 | D:10     | Killed Grum
 11271 | D:10     | Reached XP level 11. HP: 24/84 MP: 10/17
 11418 | D:10     | Learned a level 4 spell: Summon Ice Beast
 11423 | D:10     | Learned a level 4 spell: Summon Lightning Spire
 11755 | D:10     | Reached skill level 6 in Maces & Flails
 11781 | D:10     | Noticed a two-headed ogre
 11814 | D:10     | Killed a two-headed ogre
 11815 | D:10     | Reached skill level 5 in Conjurations
 11815 | D:10     | Reached skill level 5 in Hexes
 11815 | D:10     | Reached skill level 5 in Summonings
 11815 | D:10     | Reached skill level 5 in Necromancy
 11815 | D:10     | Reached skill level 5 in Translocations
 11815 | D:10     | Reached skill level 5 in Transmutations
 11815 | D:10     | Reached skill level 5 in Fire Magic
 11815 | D:10     | Reached skill level 5 in Ice Magic
 11815 | D:10     | Reached skill level 5 in Air Magic
 11815 | D:10     | Reached skill level 5 in Earth Magic
 11815 | D:10     | Reached skill level 5 in Poison Magic
 12103 | D:10     | Found Jupsa's Book Shoppe.
 12131 | D:10     | Reached *** piety under Kikubaaqudgha
 12131 | D:10     | Identified Kikubaaqudgha's Compendium of Unholy Rites
                  | (Kikubaaqudgha gifted it to you on level 10 of the Dungeon)
 12131 | D:10     | Received a gift from Kikubaaqudgha
 12149 | D:10     | Learned a level 5 spell: Borgnjor's Vile Clutch
 12499 | D:11     | Noticed a cyclops
 12517 | D:10     | Reached skill level 10 in Stealth
 12596 | D:10     | Paralysed by a hornet for 1 turns
 13045 | D:10     | Killed a cyclops
 13466 | D:11     | Noticed an eight-headed hydra
 13811 | D:11     | Killed an eight-headed hydra
 14009 | D:12     | Noticed a manticore
 14016 | D:12     | Killed a manticore
 14076 | D:12     | Noticed a cyclops
 14078 | D:12     | Noticed a two-headed ogre
 14086 | D:12     | Killed a cyclops
 14169 | D:12     | Killed a two-headed ogre
 14170 | D:12     | Reached XP level 12. HP: 18/93 MP: 1/20
 14407 | D:12     | Noticed a boulder beetle
 14428 | D:12     | Killed a boulder beetle
 14429 | D:12     | Reached skill level 7 in Maces & Flails
 14814 | D:12     | Reached **** piety under Kikubaaqudgha
 14962 | D:12     | Learned a level 3 spell: Stone Arrow
 15028 | D:13     | Reached XP level 13. HP: 101/101 MP: 20/22
 15552 | D:13     | Reached skill level 8 in Maces & Flails
 16894 | D:14     | Noticed Jeirobb's ghost (journeyman FoAK)
 16899 | D:14     | Noticed a minotaur
 16994 | D:14     | Found a runed translucent gate.
 16994 | D:14     | Found a runed translucent gate.
 16995 | D:14     | Found a runed translucent gate.
 17240 | D:14     | Reached ***** piety under Kikubaaqudgha
 17814 | D:14     | HP: 1/101 [acid (12)]
 18288 | D:14     | Found a gate to the Vaults.
 18440 | D:14     | Found a glowing golden altar of the Shining One.
 18557 | D:14     | Reached XP level 14. HP: 109/109 MP: 13/23
 18658 | D:15     | Entered Level 15 of the Dungeon
 18703 | D:15     | Identified Roxanne's Papyrus of Shape Shifting
 18703 | D:15     | Noticed Roxanne
 19540 | D:15     | Found a staircase to the Depths.
 19540 | D:15     | Noticed a frost giant
 19598 | D:15     | Killed a frost giant
 20028 | Lair:1   | Entered Level 1 of the Lair of Beasts
 20293 | D:9      | Reached skill level 10 in Fighting
 20293 | D:9      | Reached skill level 10 in Short Blades
 20293 | D:9      | Reached skill level 10 in Throwing
 20696 | Lair:1   | Reached skill level 9 in Maces & Flails
 20872 | Lair:1   | Found a glowing golden altar of the Shining One.
 20983 | Lair:1   | Reached skill level 10 in Invocations
 20983 | Lair:1   | Reached XP level 15. HP: 115/115 MP: 25/25
 21714 | Lair:2   | Reached ****** piety under Kikubaaqudgha
 21716 | Lair:2   | Found a shimmering altar of Xom.
 22446 | Lair:3   | Learned a level 2 spell: Blink
 22514 | Lair:3   | Found a frozen archway.
 22613 | IceCv    | Entered an ice cave
 23134 | IceCv    | Learned a level 5 spell: Lee's Rapid Deconstruction
 24069 | IceCv    | Identified the +8 whip of Wu Jian's Outrage {chaos, *Slow
                  | rN+++ Int-5 Dex+4}
 24553 | IceCv    | Got an ancient helmet
 24564 | IceCv    | Identified the +2 helmet of Gunob {+Blink rF- rCorr} (You
                  | found it in an ice cave)
 24576 | IceCv    | Got a jewelled morningstar
 24578 | IceCv    | Identified the +1 morningstar "Buhig" {flame, +Rage} (You
                  | found it in an ice cave)
 25015 | Lair:3   | Reached skill level 10 in Dodging
 25290 | Lair:3   | Found a staircase to the Swamp.
 25684 | Lair:4   | Found a hole to the Spider Nest.
 26619 | Lair:4   | Found a runed translucent gate.
 26619 | Lair:4   | Found a runed translucent gate.
 26619 | Lair:4   | Found a runed translucent gate.
 26764 | Lair:4   | Noticed Zaegoraum's ghost (journeyman DsAK)
 27157 | Lair:5   | Reached XP level 16. HP: 107/124 MP: 26/26
 27280 | Lair:5   | Reached skill level 10 in Long Blades
 27280 | Lair:5   | Reached skill level 10 in Axes
 27280 | Lair:5   | Reached skill level 10 in Maces & Flails
 27280 | Lair:5   | Reached skill level 10 in Polearms
 27280 | Lair:5   | Reached skill level 10 in Staves
 27280 | Lair:5   | Reached skill level 10 in Slings
 27280 | Lair:5   | Reached skill level 10 in Bows
 27280 | Lair:5   | Reached skill level 10 in Crossbows
 27280 | Lair:5   | Reached skill level 10 in Armour
 27280 | Lair:5   | Reached skill level 10 in Shields
 27280 | Lair:5   | Reached skill level 10 in Unarmed Combat
 27280 | Lair:5   | Reached skill level 10 in Spellcasting
 27280 | Lair:5   | Reached skill level 10 in Evocations
 28169 | Lair:6   | Entered Level 6 of the Lair of Beasts
 28952 | Lair:6   | Found a staircase to the Slime Pits.
 29751 | Lair:6   | Found a runed translucent gate.
 29751 | Lair:6   | Found a runed translucent gate.
 29751 | Lair:6   | Found a runed translucent gate.
 29753 | Lair:6   | Found a shimmering altar of Xom.
 30175 | Lair:6   | Noticed Ynietresch's ghost (journeyman MiBe)
 30176 | Lair:6   | Noticed Totodit's ghost (journeyman GrEE)
 30777 | Orc:1    | Entered Level 1 of the Orcish Mines
 30882 | Orc:1    | Found Ycatsur's Weapon Boutique.
 31046 | Orc:1    | Found Ydoosem's Distillery.
 31306 | Orc:1    | Found Seramag's Jewellery Boutique.
 31358 | Orc:1    | Found Ybeux's Weapon Boutique.
 31479 | Orc:2    | Entered Level 2 of the Orcish Mines
 31638 | Orc:2    | Found a roughly hewn altar of Beogh.
 31824 | Orc:2    | Found Geshryesk's Weapon Boutique.
 31883 | Orc:2    | Found Toariw's Antique Armour Shop.
 32892 | Orc:2    | Found a staircase to the Elven Halls.
 33998 | Orc:2    | Found Raboceol's Weapon Boutique.
 34023 | Orc:2    | Found a roughly hewn altar of Beogh.
 34045 | Orc:2    | Found Gicesekk's Distillery.
 34261 | Orc:2    | Bought a runed helmet for 202 gold pieces
 34286 | Orc:2    | Bought the +9 flail of the Thieving Hero {flame, rC+ SInv
                  | Stlth+} for 1301 gold pieces
 34430 | Swamp:1  | Entered Level 1 of the Swamp
 34770 | Swamp:1  | Reached XP level 17. HP: 123/132 MP: 24/28
 34776 | Swamp:1  | Learned a level 5 spell: Irradiate
 35218 | Swamp:2  | Reached skill level 11 in Maces & Flails
 35655 | Swamp:2  | Noticed Louise
 35680 | Swamp:2  | Killed Louise
 36247 | Swamp:3  | Learned a level 5 spell: Fireball
 36290 | Swamp:3  | Noticed Jorgrun
 36298 | Swamp:3  | Killed Jorgrun
 37746 | Swamp:4  | Entered Level 4 of the Swamp
 38193 | Swamp:4  | Reached skill level 12 in Maces & Flails
 39033 | Swamp:4  | Noticed the 27-headed Lernaean hydra
 39037 | Swamp:4  | Killed the 27-headed Lernaean hydra
 39038 | Swamp:4  | Reached XP level 18. HP: 138/141 MP: 28/30
 39051 | Swamp:4  | Got a decaying rune of Zot
 39580 | Spider:1 | Entered Level 1 of the Spider Nest
 40072 | Spider:1 | Reached skill level 10 in Conjurations
 40072 | Spider:1 | Reached skill level 10 in Hexes
 40072 | Spider:1 | Reached skill level 10 in Summonings
 40072 | Spider:1 | Reached skill level 10 in Necromancy
 40072 | Spider:1 | Reached skill level 10 in Translocations
 40072 | Spider:1 | Reached skill level 10 in Transmutations
 40072 | Spider:1 | Reached skill level 10 in Fire Magic
 40072 | Spider:1 | Reached skill level 10 in Ice Magic
 40072 | Spider:1 | Reached skill level 10 in Air Magic
 40072 | Spider:1 | Reached skill level 10 in Earth Magic
 40072 | Spider:1 | Reached skill level 10 in Poison Magic
 41535 | Spider:2 | Noticed Asterion
 41542 | Spider:2 | Killed Asterion
 41753 | Spider:2 | Reached skill level 13 in Maces & Flails
 41929 | Spider:2 | Noticed Donald
 41937 | Spider:2 | Killed Donald
 42059 | Spider:2 | Noticed Arachne
 42074 | Spider:2 | Killed Arachne
 43029 | Spider:3 | Found a runed translucent door.
 43705 | Spider:4 | Entered Level 4 of the Spider Nest
 44033 | Spider:4 | Reached XP level 19. HP: 128/148 MP: 7/31
 45817 | Spider:4 | Got a gossamer rune of Zot
 46158 | Vaults:1 | Entered Level 1 of the Vaults
 46422 | Vaults:1 | Noticed Nikola
 46423 | Vaults:1 | Identified the +6 short sword "Ixickyut" {flame, Dex+3}
 46431 | Vaults:1 | Reached skill level 14 in Maces & Flails
 46455 | Vaults:1 | Killed Nikola
 46730 | Vaults:1 | Found Zyask's Antique Armour Shop.
 46737 | Vaults:1 | Bought a runed kite shield for 307 gold pieces
 47550 | Vaults:1 | Noticed Saint Roka
 47559 | Vaults:1 | Killed Saint Roka
 47701 | Vaults:2 | Found a glowing silver altar of Zin.
 48069 | Vaults:2 | Reached XP level 20. HP: 153/157 MP: 28/33
 48869 | Vaults:2 | Reached skill level 15 in Maces & Flails
 50018 | Vaults:3 | Found a staircase to the Crypt.
 50228 | Vaults:3 | Reached skill level 15 in Stealth
 51438 | Vaults:4 | Noticed Mennas
 51475 | Vaults:4 | Killed Mennas
 51581 | Vaults:4 | Reached XP level 21. HP: 165/165 MP: 34/34
 51640 | Vaults:4 | Noticed Boris
 51648 | Vaults:4 | Killed Boris
 51903 | Vaults:4 | Found Japira Roepn's Antique Armour Shop.
 51905 | Vaults:4 | Noticed Aizul
 51917 | Vaults:4 | Killed Aizul
 51921 | Vaults:4 | Bought a smelly leather armour for 231 gold pieces
 51933 | Vaults:4 | Identified the +1 leather armour "Losuog" {Str+4} (You
                  | bought it in a shop on level 4 of the Vaults)
 52235 | Vaults:4 | Found a glowing golden altar of the Shining One.
 52617 | Vaults:4 | Reached skill level 16 in Maces & Flails
 53583 | Elf:1    | Entered Level 1 of the Elven Halls
 53603 | Elf:1    | Noticed Agnes
 53611 | Elf:1    | Killed Agnes
 54128 | Elf:1    | Noticed Frances
 54136 | Elf:1    | Killed Frances
 54228 | Elf:1    | Found a portal to a secret trove of treasure.
 54422 | Elf:1    | Reached skill level 15 in Invocations
 54456 | Elf:1    | Found Iaugupel's Incredible Inventory.
 54823 | Elf:2    | Found Icepniyz's Book Shoppe.
 55478 | Elf:2    | Found a huge runed translucent gate.
 55478 | Elf:2    | Found a huge runed translucent gate.
 55478 | Elf:2    | Found a huge runed translucent gate.
 55479 | Elf:2    | Found a huge runed translucent gate.
 55479 | Elf:2    | Found a huge runed translucent gate.
 55918 | Elf:2    | Reached XP level 22. HP: 147/173 MP: 22/36
 56194 | Elf:3    | Entered Level 3 of the Elven Halls
 56220 | Elf:3    | Found a flickering gateway to a bazaar.
 56227 | Bazaar   | Entered a bazaar
 56241 | Bazaar   | Found Xaphug's Assorted Antiques.
 56241 | Bazaar   | Found Qailum's Weapon Emporium.
 56262 | Bazaar   | Found Neowaig's Magic Scroll Emporium.
 56266 | Bazaar   | Bought a scroll of teleportation for 36 gold pieces
 56266 | Bazaar   | Bought a scroll of teleportation for 36 gold pieces
 56266 | Bazaar   | Bought a scroll of fear for 42 gold pieces
 56289 | Bazaar   | Found Neeczym's Jewellery Shoppe.
 56289 | Bazaar   | Found Xiffufan's Assorted Antiques.
 56293 | Bazaar   | Bought a scroll of teleportation for 99 gold pieces
 56305 | Bazaar   | Bought a potion of heal wounds for 165 gold pieces
 56305 | Bazaar   | Bought an embroidered scarf for 264 gold pieces
 56305 | Bazaar   | Bought a smoking ring mail for 297 gold pieces
 56305 | Bazaar   | Bought a sparkling tin ring for 165 gold pieces
 56322 | Bazaar   | Identified the ring "Nacod" {Wiz rC+ rN+ Dex+6} (You bought
                  | it in a shop in a bazaar)
 56323 | Bazaar   | Identified the +3 ring mail "Najeun" {-Cast Int+3 Stlth+}
                  | (You bought it in a shop in a bazaar)
 56350 | Bazaar   | Learned a level 5 spell: Silence
 56380 | Elf:3    | Found a magical portal.
 56391 | WizLab   | Entered The Chambers of the Cloud Mage
 56439 | WizLab   | HP: 2/173 [spark wasp (13)]
 56439 | WizLab   | Slain by a spectral anaconda

Illustrated notes

Levels and vault maps discovered:
D:1:      kennysheep_arrival_forest, layout_loops_ring, kennysheep_nondescript
D:2:      layout_basic, kennysheep_boxes, uniq_robin
D:3:      layout_basic, uniq_sigmund, uniq_natasha
D:4:      minmay_bubble_buster, layout_gridville, kennysheep_big_empty_room,
          uniq_pikel
D:5:      layout_layer_cave, minmay_temple_entry_nine_rooms,
          hellmonk_ghost_happy_afterlife, hangedman_decor_lopped
D:6:      layout_basic, nicolae_ru_sacrificial_ziggurat, serial_shops,
          kennysheep_little_box, kennysheep_generic_room_14
D:7:      layout_cave_pods, enter_bailey_8, basic_altar,
          minmay_misc_feat_more_columns
D:8:      layout_cave_pods
D:9:      layout_basic, lair_entry_dummy, david_orc_1_choice, minmay_librarian
D:10:     layout_irregular_city, serial_shops, nicolae_shop_waterfront,
          uniq_grum
D:11:     layout_rooms
D:12:     layout_roguey
D:13:     layout_small_grid
D:14:     layout_irregular_city, david_vaults_1, lemuel_coloured_pillars_altar,
          maelrawn_ghost_gauntlet_escape, lemuel_old_faithful
D:15:     grunt_enter_depths_snipers, layout_irregular_city,
          columned_hall_lemuel, nicolae_wwwww, uniq_roxanne
Temple:   dpeg_three_leaves_temple
Lair:1:   layout_misc_corridors, basic_altar
Lair:2:   layout_small_grid, basic_altar
Lair:3:   layout_cave_pods, swamp_mist, portal_ice_cave_entry_ice_beasts
Lair:4:   layout_cellular_growth, nicolae_spider_entry_tight_spaces,
          gammafunk_ghost_necromancy, hangedman_lair_generics_rect
Lair:5:   layout_cave_pods, chequers_serial_rivers_micro_a,
          chequers_serial_rivers_micro_a, grunt_forest_small_clearings
Lair:6:   grunt_lair_end_beastmaster, layout_gridlike,
          minmay_slime_entry_oklob_open, basic_altar, gammafunk_ghost_cemetery
Swamp:1:  layout_falls_marsh, evilmike_swamp_ruin_rubble_2,
          infiniplex_staircase_pool_2
Swamp:2:  layout_basic_swamp, infiniplex_staircase_pool, swamp_pool2,
          uniq_louise
Swamp:3:  layout_falls_marsh, hangedman_swamp_cone, uniq_jorgrun
Swamp:4:  swamp, layout_basic_swamp, swamp_pool5
Spider:1: layout_spider_delve, nicolae_looking_at_the_future
Spider:2: layout_spider_delve, uniq_donald, uniq_arachne, uniq_asterion
Spider:3: cheibrodos_spider_deadly_dance
Spider:4: grunt_spider_rune_parallel
Orc:1:    layout_caves, serial_shops, shop, shop, nicolae_shop_crystal, shop
Orc:2:    pubby_orc_utopia
Elf:1:    minmay_elf_arrival_plus, layout_geoelf_grid,
          nicolae_trove_entry_path_of_doom,
          hangedman_elven_crosses_minicolossus, grunt_ministairs_1,
          nicolae_alphabet_shops, uniq_frances, uniq_agnes
Elf:2:    layout_gridlike, serial_shops, shop_fountains
Elf:3:    minmay_elf_hall_curves, layout_rooms, infiniplex_enter_wizlab_water,
          serial_shops, freezing_bzr
Vaults:1: nicolae_vaults_rhombus_5, nicolae_vaults_big_ls, v_misc_30,
          nicolae_vaults_little_squares_2, nicolae_vaults_ring_of_whatevers,
          vaults_mumra_lcd, v_misc_2, nicolae_vaults_yaktaur_gun_rack,
          vaults_room_stairs_pillars, layout_vaults_big_cross, serial_shops,
          shop, uniq_saint_roka, uniq_nikola
Vaults:2: nicolae_vaults_border_crossing, hangedman_vaults_slither,
          vaults_room_door_hall, st_spiral_rooms, vaults_dpeg_cross,
          vaults_room_stairs_pillars, nicolae_vaults_little_squares_4,
          nicolae_vaults_little_squares_5, nicolae_vaults_little_squares_3,
          ontoclasm_vaults_loading_screen, v_alt_pattern_1, vaults_room_pool,
          layout_vaults_omnibox, basic_altar
Vaults:3: vaults_room_fancy_cross, vaults_room_pool,
          minmay_crypt_entry_simple_walls, v_misc_15, vaults_room_fancy_cross,
          vaults_dpeg_doors, nicolae_vaults_network_star, ontoclasm_vaults_eye,
          nicolae_vaults_mini_display_case, layout_vaults_omnigrid
Vaults:4: v_misc_16, nicolae_vaults_circle_grid_b,
          nicolae_vaults_network_periphery, v_rooms_2,
          ontoclasm_vaults_shuriken, hangedman_vaults_corner, v_misc_10,
          ontoclasm_vaults_spin, grunt_vaults_twisty, v_misc_19,
          layout_vaults_ring, serial_shops, shop, basic_altar, uniq_aizul,
          uniq_mennas, uniq_boris
WizLab:   wizlab_cloud

Skill      XL: |  1  2  3  4  5  6  7  8  9 10 11 12 13 14 15 16 17 18 19 20 21 |
---------------+----------------------------------------------------------------+-----
Invocations    | 1 2 3 4 5 6 7 8 9 10 11 12 13 14 15 | 15.2
Long Blades    | 1 2 3 4 5 6 7 8 9 10 11 12 13 14 | 14.2
Axes           | 1 2 3 4 5 6 7 8 9 10 11 12 13 14 | 14.2
Maces & Flails | 1 2 3 4 5 6 7 8 9 10 12 13 14 15 16 | 16.7
Polearms       | 1 2 3 4 5 6 7 8 9 10 11 12 13 14 | 14.2
Staves         | 1 2 3 4 5 6 7 8 9 10 11 12 13 14 | 14.2
Slings         | 1 2 3 4 5 6 7 8 9 10 11 12 13 14 | 14.2
Bows           | 1 2 3 4 5 6 7 8 9 10 11 12 13 14 | 14.2
Crossbows      | 1 2 3 4 5 6 7 8 9 10 11 12 13 14 | 14.2
Armour         | 1 2 3 4 5 6 7 8 9 10 11 12 13 14 | 14.2
Shields        | 1 2 3 4 5 6 7 8 9 10 11 12 13 14 | 14.2
Unarmed Combat | 1 2 3 4 5 6 7 8 9 10 11 12 13 14 | 14.2
Spellcasting   | 1 2 3 4 5 6 7 8 9 10 11 12 13 14 | 14.2
Evocations     | 1 2 3 4 5 6 7 8 9 10 11 12 13 14 | 14.2
Dodging        | 3 4 5 6 7 8 9 10 11 12 13 14 | 14.4
Stealth        | 8 9 10 11 12 13 14 15 | 15.7
Conjurations   | 1 2 3 4 5 6 7 8 9 10 11 12 | 12.2
Hexes          | 1 2 3 4 5 6 7 8 9 10 11 12 | 12.2
Summonings     | 1 2 3 4 5 6 7 8 9 10 11 12 | 12.2
Necromancy     | 1 2 3 4 5 6 7 8 9 10 11 12 | 12.2
Translocations | 1 2 3 4 5 6 7 8 9 10 11 12 | 12.2
Transmutations | 1 2 3 4 5 6 7 8 9 10 11 12 | 12.2
Fire Magic     | 1 2 3 4 5 6 7 8 9 10 11 12 | 12.2
Ice Magic      | 1 2 3 4 5 6 7 8 9 10 11 12 | 12.2
Air Magic      | 1 2 3 4 5 6 7 8 9 10 11 12 | 12.2
Earth Magic    | 1 2 3 4 5 6 7 8 9 10 11 12 | 12.2
Poison Magic   | 1 2 3 4 5 6 7 8 9 10 11 12 | 12.2
Fighting       | 5 6 7 8 9 10 11 12 13 14 | 14.7
Short Blades   | 5 6 7 8 9 10 11 12 13 14 | 14.7
Throwing       | 5 6 7 8 9 10 11 12 13 14 | 14.7

Action                   |  1- 3 |  4- 6 |  7- 9 | 10-12 | 13-15 | 16-18 | 19-21 | 22-24 || total
-------------------------+-------+-------+-------+-------+-------+-------+-------+-------++-------
Melee: Dagger            |    96 |    95 |   109 |    24 |       |       |       |       ||   324
       Bite              |     6 |    11 |    28 |    38 |    90 |   146 |   132 |     4 ||   455
       Short sword       |       |       |   311 |    13 |       |       |       |       ||   324
       Punch             |       |       |     7 |     7 |    41 |    13 |       |       ||    68
       Trident           |       |       |   116 |   496 |  1072 |   928 |       |       ||  2612
       Flail             |       |       |       |       |       |   497 |   853 |       ||  1350
       Scimitar          |       |       |       |       |       |    53 |       |       ||    53
       Eveningstar       |       |       |       |       |       |     6 |   179 |    32 ||   217
Throw: Dart              |     7 |    69 |    87 |    29 |     5 |     4 |       |       ||   201
       Boomerang         |       |       |     1 |    21 |     2 |       |       |       ||    24
       Javelin           |       |       |       |     3 |       |       |       |       ||     3
 Cast: Pain              |       |       |    29 |     2 |       |       |       |       ||    31
       Vampiric Draining |       |       |     3 |    47 |    44 |     4 |       |       ||    98
       Stone Arrow       |       |       |       |       |    88 |   176 |    56 |       ||   320
       Borgnjor's Vile C |       |       |       |       |    42 |    62 |    19 |       ||   123
       Summon Lightning  |       |       |       |       |    11 |     4 |     2 |       ||    17
       Summon Ice Beast  |       |       |       |       |    11 |     3 |       |       ||    14
       Lee's Rapid Decon |       |       |       |       |    26 |       |       |       ||    26
       Bolt of Magma     |       |       |       |       |       |    17 |     1 |       ||    18
       Blink             |       |       |       |       |       |     4 |       |       ||     4
       Irradiate         |       |       |       |       |       |    53 |    89 |     5 ||   147
Evoke: Wand              |       |       |       |    14 |       |     6 |     1 |       ||    21
       Tin of tremorston |       |       |       |     2 |     1 |     7 |     4 |       ||    14
       Condenser vane    |       |       |       |       |       |     4 |     4 |       ||     8
  Use: Scroll            |       |       |    13 |     8 |     9 |    19 |     4 |     7 ||    60
       Potion            |       |       |     6 |     3 |     1 |     2 |     3 |     2 ||    17
 Stab: Sleeping          |     8 |     5 |    12 |    20 |    29 |    29 |    52 |       ||   155
       Distracted        |       |       |     2 |       |     3 |     4 |     3 |     1 ||    13
       Invisible         |       |       |     2 |       |       |       |       |       ||     2
       Paralysed         |       |       |       |     3 |       |       |       |       ||     3
       Petrified         |       |       |       |     8 |       |    11 |       |       ||    19
       Petrifying        |       |       |       |     2 |       |     1 |       |       ||     3
Armor: Robe              |    14 |    25 |    69 |    79 |       |       |       |       ||   187
       Skin              |       |       |    87 |    12 |       |       |       |       ||    99
       Ring mail         |       |       |       |    43 |    99 |       |       |       ||   142
       Acid dragon scale |       |       |       |       |   260 |   268 |       |       ||   528
       Swamp dragon scal |       |       |       |       |       |   375 |   287 |    16 ||   678
Dodge: Dodged            |    37 |    55 |   279 |   300 |   763 |  1078 |   581 |    24 ||  3117
Block: Kite shield       |       |       |       |       |       |   800 |   580 |    10 ||  1390
       Reflection        |       |       |       |       |       |       |    26 |       ||    26
       Rpst.: Scimitar   |       |       |       |       |       |     5 |       |       ||     5

Table legend: (Time is in decaauts)
 A = Elapsed time spent in this place.
 B = Non-inter-level travel time spent in this place.
 C = Inter-level travel time spent in this place.
 D = Time resting spent in this place.
 E = Time spent auto-exploring this place.
 F = Levels seen in this place.
 G = Mean time per level.
                   A        B        C        D        E       F      G
               +--------+--------+--------+--------+--------+-----+--------+
         Total |  56063 |  52963 |   3100 |   4386 |  36034 |  43 | 1303.8 |
       Dungeon |  18704 |  17321 |   1383 |   1182 |  12260 |  15 | 1246.9 |
        Temple |     80 |     75 |      5 |      0 |     64 |   1 |   80.0 |
          Lair |   8976 |   8313 |    663 |   1039 |   5398 |   6 | 1496.0 |
         Swamp |   5339 |   5172 |    167 |   1018 |   3151 |   4 | 1334.8 |
   Spider Nest |   5507 |   5229 |    278 |    148 |   3931 |   4 | 1376.8 |
  Orcish Mines |   3554 |   3295 |    259 |      6 |   2152 |   2 | 1777.0 |
   Elven Halls |   2629 |   2564 |     65 |      0 |   1954 |   3 |  876.3 |
        Vaults |   6961 |   6683 |    278 |     32 |   5296 |   4 | 1740.2 |
        Bazaar |    125 |    125 |      0 |      0 |      0 |   1 |  125.0 |
        Bailey |   2145 |   2145 |      0 |    182 |   1069 |   1 | 2145.0 |
      Ice Cave |   1989 |   1989 |      0 |    779 |    754 |   1 | 1989.0 |
        Wizlab |     49 |     49 |      0 |      0 |      4 |   1 |   49.0 |
               +--------+--------+--------+--------+--------+-----+--------+

Top non-repeatable levels by time:
   Orc:2: 2866 daAuts
Spider:4: 2157 daAuts
  Bailey: 2145 daAuts
    D:14: 2098 daAuts
Vaults:4: 2074 daAuts
   IceCv: 1989 daAuts
  Lair:4: 1959 daAuts
  Lair:5: 1954 daAuts
    D:10: 1952 daAuts
Vaults:3: 1907 daAuts
  Lair:6: 1836 daAuts
    D:13: 1702 daAuts
     D:9: 1652 daAuts
 Swamp:3: 1650 daAuts
Vaults:2: 1595 daAuts
